 Dungeon Crawl Stone Soup version 0.31.0-32-g396128a36d (webtiles) character file.

Game seed: 15989403965724048319

6548 BoneyBoi1234 the Blocker (level 11, -4/133 HPs)
             Began as a Formicid Fighter on Mar 28, 2024.
             Was a Believer of Zin.
             Slain by a black bear (6 damage)
             ... created by the rage of Trog
             ... on level 7 of the Dungeon.
             The game lasted 00:18:22 (6598 turns).

BoneyBoi1234 the Blocker (Formicid Fighter)         Turns: 6598, Time: 00:18:22

Health: -4/133     AC: 25    Str: 32    XL:     11   Next: 20%
Magic:  0/11       EV:  2    Int:  9    God:    Zin [**....]
Gold:   177        SH: 18    Dex: 14    Spells: 10/10 levels left

rFire   + . .        G - +3 flail
rCold   + . .        h - +2 tower shield of Sinlea {rElec rF+ rC+ Str+4}
rNeg    . . .        F - melded +2 crystal plate armour
rPois   ∞            (helmet unavailable)
rElec   +            v - melded +0 cloak
rCorr   +            n - melded +0 pair of gloves
SInv    .            (boots currently unavailable)
Will    ++...        L - amulet "Helol" {Spirit rCorr Str+2}
Stlth   +            A - +5 ring of evasion
HPRegen 0.42/turn    B - ring of willpower
MPRegen 0.12/turn

%: guardian spirit
@: mighty, vitalised, tree-form
A: stationary, stasis, torment immunity, boosted hp, permanent stasis, dig
shafts and tunnels, (antennae 3), four strong arms
a: Renounce Religion, Recite, Vitalisation, Donate Gold


You were on level 7 of the Dungeon.
You worshipped Zin.
Zin was pleased with you.
You were a tree.
You visited 1 branch of the dungeon, and saw 7 of its levels.
You also visited: Sewer.

You collected 349 gold pieces.
You spent 138 gold pieces at shops.
You donated 34 gold pieces to Zin.

Inventory:

Hand Weapons
 o - a +0 giant spiked club
 D - a +0 giant club
 G - a +3 flail (weapon)
Missiles
 I - 2 throwing nets
Armour
 h - the +2 tower shield of Sinlea (worn) {rElec rF+ rC+ Str+4}
   (You acquired it on level 3 of the Dungeon)

   Str+4:     It affects your strength (+4).
   rF+:       It protects you from fire.
   rC+:       It protects you from cold.
   rElec:     It insulates you from electricity.
 k - the +10 ring mail of Henotheism {Will++ rCorr Str-2}
   (You found it on level 2 of the Dungeon)

   Str-2:     It affects your strength (-2).
   Will++:    It greatly increases your willpower.
   rCorr:     It protects you from acid and corrosion.
 n - a +0 pair of gloves (melded)
 v - a +0 cloak (melded)
 F - a +2 crystal plate armour (melded)
Jewellery
 c - a ring of ice
 e - the amulet "Onoegh" {RegenMP Dex+2}
   (You found it on level 7 of the Dungeon)

   [amulet of magic regeneration]

   RegenMP:   It increases your rate of magic regeneration.
   Dex+2:     It affects your dexterity (+2).
 g - an amulet of guardian spirit
 A - a +5 ring of evasion (left branch)
 B - a ring of willpower (right branch)
 J - the amulet of Divine Compulsion {Acrobat +Inv Will+}
   (You took it off a vampire on level 7 of the Dungeon)

   [amulet of the acrobat]

   Acrobat:   It increases your evasion while moving and waiting.
   Will+:     It increases your willpower.
   +Inv:      It lets you turn invisible.
 K - the ring of Vetiops {Fly Will+}
   (You found it on level 7 of the Dungeon)

   [ring of willpower]

   Will+:     It increases your willpower.
   Fly:       It grants you flight.
 L - the amulet "Helol" (around neck) {Spirit rCorr Str+2}
   (You found it on level 7 of the Dungeon)

   [amulet of guardian spirit]

   Spirit:    It causes incoming damage to be divided between your reserves of
   health and magic.
   Str+2:     It affects your strength (+2).
   rCorr:     It protects you from acid and corrosion.
Wands
 a - a wand of flame (9)
 p - a wand of light (4)
 s - a wand of digging (2)
 z - a wand of roots (2)
Scrolls
 d - 5 scrolls of fog
 f - 3 scrolls of fear
 i - 7 scrolls of teleportation
 l - a scroll of amnesia
 m - 3 scrolls of blinking
 r - a scroll of vulnerability
 t - a scroll of poison
 y - 2 scrolls of enchant armour {unknown}
 E - a scroll of noise {unknown}
 H - a scroll of brand weapon
 M - a scroll of identify
Potions
 j - a potion of resistance
 q - a potion of haste
 u - 2 potions of brilliance {unknown}
 x - 4 potions of curing {unknown}
 C - a potion of magic {unknown}


   Skills:
 + Level 9.1 Fighting
 + Level 8.0 Maces & Flails
 + Level 9.1 Armour
 + Level 10.8 Shields
 + Level 6.0 Evocations


You had 10 spell levels left.
You didn't know any spells.
Your spell library contained the following spells:

 Spells                   Type           Power      Damage    Failure   Level
 Apportation              Tloc           0%         N/A       71%         1
 Freeze                   Ice            0%         1d3       71%         1
 Magic Dart               Conj           0%         1d3       71%         1
 Necrotise                Necr           0%         1d4       71%         1
 Shock                    Conj/Air       0%         1d3       71%         1
 Sting                    Conj/Alch      0%         1d3       71%         1
 Summon Small Mammal      Summ           0%         N/A       71%         1
 Searing Ray              Conj           0%         2d4       83%         2
 Call Canine Familiar     Summ           0%         N/A       97%         3
 Frozen Ramparts          Ice            0%         1d1       97%         3
 Hailstorm                Conj/Ice       0%         3d5       97%         3
 Sigil of Binding         Hex            0%         N/A       97%         3
 Airstrike                Air            0%         2d(0-16)  100%        4
 Dimensional Bullseye     Hex/Tloc       0%         N/A       100%        4
 Fulminant Prism          Conj/Alch      0%         3d5       100%        4
 Swiftness                Air            Unusable   N/A       N/A         3

Dungeon Overview and Level Annotations

Branches:
Dungeon (7/15)             Temple (0/1) D:7           Sewer (visited)

Altars:
Cheibriados
Dithmenos
Elyvilon
Gozag
Kikubaaqudgha
Makhleb
Ru
Sif Muna
Trog
Vehumet
Yredelemnul
Zin
Lugonu

Shops:
D:5 *   D:6 *

Portals:
Abyss: D:6

Annotations:
D:6 3 runed translucent doors, Dungobob's ghost, novice MiFi


Innate Abilities, Weirdness & Mutations

You are a tree.
Your roots penetrate the ground, keeping you stationary.
You cannot be teleported.
You are immune to unholy pain and torment.
Your maximum health is greatly increased.
You are immune to poison.
Your equipment is partially melded.
You cannot be hasted, slowed, berserked, paralysed or teleported.
You can dig through walls and to a lower floor.
((You have a pair of large antennae on your head. (SInv)))
Your four strong arms can wield two-handed weapons with a shield.


Message History

The black bear claws you but does no damage.
The black bear barely misses you.
The ogre rages.
You barely miss the black bear.
The ogre rages.
You block the black bear's attack. The black bear closely misses you.
You block the black bear's attack.
The black bear bites you but does no damage.
You block the black bear's attack. x2
You sock the black bear!
The black bear is lightly wounded.
The black bear closely misses you. x2; The black bear claws you.
* * * LOW HITPOINT WARNING * * *
Unknown command.
You sock the black bear!
The black bear is moderately wounded.
The black bear bites you!
* * * LOW HITPOINT WARNING * * *
You block the black bear's attack. x3; The black bear closely misses you.
The black bear claws you.
* * * LOW HITPOINT WARNING * * *
It was a potion of haste.
Your stasis prevents you from being hasted.
You block the black bear's attack. x3; The black bear barely misses you. x2
You block the black bear's attack.
You bludgeon the black bear!!
The black bear is almost dead.
The black bear bites you but does no damage.
The black bear claws you.
* * * LOW HITPOINT WARNING * * *
You block the black bear's attack.
Unknown command.
It was a potion of lignification.
You turn into a tree.
Your +0 cloak melds into your body.
Your +0 pair of gloves melds into your body.
Your +2 crystal plate armour melds into your body.
Your roots penetrate the ground.
Zin forgives your inadvertent chaotic act, just this once.
You block the black bear's attack. x2; The black bear claws you.
You die...

##.###.## ##......
##...## #.....##
##.## ##...... #.#
#....## ####.#
##.#.## #....#
#.#... #.####
##'#### #†#
##...## #♣#
##.....## #h#{
#.......# #OO..#
#.........
#.......'........)
#....####.........
..#.## ##.......#
.#### ##.....## .
##.#### #. ##


You could see a black bear (berserk) and 2 ogres.

Vanquished Creatures
  Pikel (D:6)
  An ugly thing (D:7)
  A gargoyle (D:7)
  A troll (D:7)
  A slime creature (D:7)
  Sigmund (D:4)
  A vampire (D:7)
  5 yaks (D:5)
  2 wraiths (D:7)
  A vampire mosquito (D:7)
  A basilisk (D:7)
  A water moccasin (D:7)
  Menkaure (D:4)
  An orc warrior (D:7)
  2 sky beasts
  3 ice beasts (D:6)
  2 black bears
  2 ogres
  4 centaurs
  A phantom (D:5)
  A kobold brigand (D:7)
  Blork the orc (D:4)
  7 scorpions
  5 wights (D:6)
  10 killer bees
  An orc priest (D:5)
  2 hounds (D:5)
  A jelly (D:7)
  3 bombardier beetles (D:5)
  2 gnoll boudas (D:6)
  3 iguanas
  3 orc wizards (D:6)
  A hell rat (Sewer)
  Robin (D:2)
  7 adders
  12 gnolls
  2 river rats (Sewer)
  2 ufetubi (D:6)
  2 dart slugs (D:1)
  11 orcs
  11 endoplasms
  6 giant cockroaches
  16 goblins
  13 hobgoblins
  9 jackals
  13 kobolds
  3 quokkas
  8 ball pythons
  4 bats
  4 frilled lizards
  10 rats
207 creatures vanquished.

Vanquished Creatures (others)
  A goblin (D:3)
1 creature vanquished.

Grand Total: 208 creatures vanquished

Notes
Turn   | Place    | Note
-------+----------+-------------------------------------------
     0 | D:1      | BoneyBoi1234 the Formicid Fighter began the quest for the
                  | Orb.
     0 | D:1      | Reached XP level 1. HP: 18/18 MP: 1/1
   121 | D:1      | Reached XP level 2. HP: 23/24 MP: 2/2
   317 | D:1      | Reached XP level 3. HP: 24/29 MP: 3/3
   548 | D:1      | Found a faded altar of an unknown god.
   673 | D:2      | Identified the +10 ring mail of Henotheism {Will++ rCorr
                  | Str-2}
   819 | D:2      | Noticed Robin
   823 | D:2      | Reached XP level 4. HP: 37/37 MP: 4/4
   844 | D:2      | Killed Robin
  1419 | D:3      | Found a shadowy altar of Dithmenos.
  1490 | D:3      | Reached XP level 5. HP: 42/42 MP: 5/5
  1589 | D:3      | Identified a scroll of acquirement
  1591 | D:3      | Acquired the +2 tower shield of Sinlea {rElec rF+ rC+
                  | Str+4}
  1646 | D:3      | Reached skill level 5 in Shields
  1675 | D:3      | Found a bloodstained altar of Trog.
  1708 | D:3      | Became a worshipper of Trog the Wrathful
  1989 | D:4      | Noticed Blork the orc
  1999 | D:4      | Killed Blork the orc
  2027 | D:4      | Reached XP level 6. HP: 49/49 MP: 6/6
  2185 | D:4      | Noticed an ogre
  2194 | D:4      | Killed an ogre
  2411 | D:4      | Reached skill level 5 in Fighting
  2411 | D:4      | Reached skill level 6 in Shields
  2411 | D:4      | Reached XP level 7. HP: 56/56 MP: 7/7
  2421 | D:4      | Noticed Menkaure
  2438 | D:4      | Killed Menkaure
  2439 | D:4      | Reached skill level 5 in Armour
  2486 | D:4      | Noticed Sigmund
  2503 | D:4      | Killed Sigmund
  2866 | D:4      | Reached XP level 8. HP: 63/63 MP: 8/8
  2896 | D:4      | Found a snail-covered altar of Cheibriados.
  3012 | D:5      | Entered Level 5 of the Dungeon
  3031 | D:5      | Reached * piety under Trog
  3063 | D:5      | Reached skill level 7 in Shields
  3109 | D:5      | Identified the +1 leather armour of Infinity {rC+ Str+3}
  3195 | D:5      | Reached skill level 5 in Maces & Flails
  3224 | D:5      | Noticed a yak
  3224 | D:5      | Noticed a yak
  3224 | D:5      | Noticed a yak
  3239 | D:5      | Noticed a yak
  3244 | D:5      | Killed a yak
  3244 | D:5      | Noticed a yak
  3257 | D:5      | Killed a yak
  3276 | D:5      | Killed a yak
  3277 | D:5      | Reached skill level 8 in Shields
  3277 | D:5      | Reached XP level 9. HP: 64/71 MP: 7/9
  3285 | D:5      | Reached skill level 1 in Evocations
  3549 | D:5      | Found Wuemiqeduf's Assorted Antiques.
  3941 | D:6      | Found an ancient bone altar of Kikubaaqudgha.
  3953 | D:6      | Found a radiant altar of Vehumet.
  3967 | D:6      | Found a shimmering blue altar of Sif Muna.
  3970 | D:6      | Reached ** piety under Trog
  4068 | D:6      | Found a white marble altar of Elyvilon.
  4127 | D:6      | Found a glowing drain.
  4131 | Sewer    | Entered a sewer
  4203 | Sewer    | Acquired a +2 crystal plate armour
  4275 | D:6      | Found a runed translucent door.
  4275 | D:6      | Noticed Dungobob's ghost (novice MiFi)
  4315 | D:6      | Found a glowing silver altar of Zin.
  4320 | D:6      | Fell from the grace of Trog
  4322 | D:6      | Found a basalt altar of Yredelemnul.
  4325 | D:6      | Found a sacrificial altar of Ru.
  4327 | D:6      | Found an opulent altar of Gozag.
  4368 | D:6      | Became a worshipper of Zin the Law-Giver
  4368 | D:6      | Reached * piety under Zin
  4478 | D:6      | Reached skill level 9 in Shields
  4533 | D:6      | Found a one-way gate to the infinite horrors of the Abyss.
  4533 | D:6      | Identified the +2 rapier of Fefoab {distort, rPois}
  4621 | D:6      | Reached XP level 10. HP: 76/79 MP: 10/10
  4648 | D:6      | Found Xoeclup's General Store.
  4660 | D:6      | Bought a scroll of identify for 24 gold pieces
  4660 | D:6      | Bought a scroll of brand weapon for 114 gold pieces
  4962 | D:6      | Noticed Pikel
  4974 | D:6      | Killed Pikel
  5129 | D:6      | Found a burning altar of Makhleb.
  5219 | D:6      | Found a large runed translucent door.
  5223 | D:6      | Found a large runed translucent door.
  5223 | D:6      | Found a corrupted altar of Lugonu.
  5406 | D:7      | Reached ** piety under Zin
  5644 | D:7      | Found a staircase to the Ecumenical Temple.
  5768 | D:7      | Reached skill level 10 in Shields
  6090 | D:7      | Reached skill level 5 in Evocations
  6193 | D:7      | Noticed a purple ugly thing
  6205 | D:7      | Identified the amulet of Divine Compulsion {Acrobat +Inv
                  | Will+}
  6224 | D:7      | Killed a purple ugly thing
  6273 | D:7      | Reached XP level 11. HP: 46/87 MP: 8/11
  6379 | D:7      | Identified the amulet "Onoegh" {RegenMP Dex+2}
  6392 | D:7      | Identified the ring of Vetiops {Fly Will+}
  6403 | D:7      | Identified the amulet "Helol" {Spirit rCorr Str+2}
  6597 | D:7      | HP: 1/89 [black bear[the rage of Trog] (6)]
  6598 | D:7      | Slain by a black bear

Illustrated notes

Levels and vault maps discovered:
D:1:      dpeg_arrival_line_fractal, layout_rooms,
          shapermc_ecumenical_altar_petra
D:2:      layout_basic, uniq_robin
D:3:      layout_rooms, trog_hazing_becter, grunt_dithmenos_smoke
D:4:      layout_basic, chei_slow_surprise, minmay_misc_feat_columns,
          grunt_decor_fettered, minmay_pentomino_pile, uniq_sigmund,
          uniq_menkaure, uniq_blork_the_orc
D:5:      layout_basic, serial_shops, nicolae_lakefront_shop, serial_glass,
          glass_columns_b, glass_columns_a
D:6:      due_chaos_kobolds, layout_basic, palyth_temple_overflow_mages,
          marbit_many_paths, lemuel_tele_altar, minitemple,
          mainiacjoe_sewer_entry_somewhere_in_here_2,
          hellmonk_ghost_happy_afterlife, serial_shops, shop, kennysheep_donut,
          minmay_crystal_water, uniq_pikel
D:7:      minmay_the_grid_triangle_9x9_rhombus_thin
          [minmay_the_grid_triangle_9x9_descending_squares,
          minmay_the_grid_triangle_9x9_prize_special,
          minmay_the_grid_triangle_9x9_thin_v,
          minmay_the_grid_triangle_9x9_intruding_spiral], layout_loops_corners,
          nicolae_uskayaw_dance_studio, minmay_temple_entry_large_hall

Skill      XL: |  1  2  3  4  5  6  7  8  9 10 11 |
---------------+----------------------------------+-----
Fighting       | 4 5 6 7 8 9 |  9.1
Armour         | 4 5 6 7 8 9 |  9.1
Shields        | 5 6 8 9 10 | 10.8
Maces & Flails | 3 4 5 6 7 8 |  8.0
Evocations     | 3 5 6 |  6.0

Action                     |  1- 3 |  4- 6 |  7- 9 | 10-12 || total
---------------------------+-------+-------+-------+-------++-------
  Melee: Flail             |   108 |   166 |   310 |   312 ||   896
 Invoke: Renounce Religion |       |       |     1 |       ||     1
         Vitalisation      |       |       |       |     2 ||     2
Ability: Dig               |       |     2 |       |       ||     2
    Use: Scroll            |     1 |     6 |     5 |     2 ||    14
         Potion            |       |     1 |     2 |     4 ||     7
 Armour: Scale mail        |    77 |       |       |       ||    77
         Ring mail         |    12 |   103 |    84 |       ||   199
         Crystal plate arm |       |       |    21 |   193 ||   214
         Plate armour      |       |       |    19 |       ||    19
         Skin              |       |       |       |     1 ||     1
  Dodge: Dodged            |    45 |    80 |    66 |    90 ||   281
  Block: Buckler           |    35 |    26 |       |       ||    61
         Tower shield      |       |   165 |   298 |   399 ||   862
